 Dungeon Crawl Stone Soup version 0.22-a0-866-geee50340df (webtiles) character file.

658 Htamos the Charmwright (level 7, -1/50 HPs)
             Began as a Formicid Skald on July 28, 2018.
             Was a Follower of Makhleb.
             Slain by a killer bee (7 damage)
             ... on level 5 of the Dungeon.
             The game lasted 00:12:41 (6480 turns).

Htamos the Charmwright (Formicid Skald)             Turns: 6480, Time: 00:12:41

Health: -1/50      AC:  4    Str: 16    XL:     7   Next: 85%
Magic:  3/10       EV: 11    Int: 14    God:    Makhleb [*.....]
Gold:   99         SH:  0    Dex: 10    Spells: 7/10 levels left

rFire    . . .     SeeInvis +   m - +0 halberd
rCold    . . .     Gourm    .   (no shield)
rNeg     . . .     Faith    .   b - +0 leather armour
rPois    .         Spirit   .   (helmet unavailable)
rElec    .         Reflect  .   z - +0 cloak
rCorr    .         Harm     .   (no gloves)
MR       .....                  (no boots)
Stlth    +.........             (no amulet)
HPRegen  0.16/turn              j - ring of flight
MPRegen  0.12/turn              (no ring)

@: lethally poisoned (-1 -> -6), very slightly contaminated
A: permanent stasis, dig shafts and tunnels, four strong arms, antennae 3
a: Dig, Shaft Self, Renounce Religion, Evoke Flight


You were on level 5 of the Dungeon.
You worshipped Makhleb.
Makhleb was aware of your devotion.
You were not hungry.

You visited 1 branch of the dungeon, and saw 5 of its levels.

You collected 99 gold pieces.

Inventory:

Hand Weapons
 a - a +0 spear
 c - a +0 trident
 m - a +0 halberd (weapon)
 q - a +3 dagger of electrocution
Missiles
 n - 124 stones (quivered)
Armour
 b - a +0 leather armour (worn)
 k - a +0 ring mail
 z - a +0 cloak (worn)
Jewellery
 g - a cursed ring of teleportation
 j - a ring of flight (left hand)
Scrolls
 f - 4 scrolls of remove curse
 i - 5 scrolls of identify
 l - a scroll of magic mapping {unknown}
 o - 2 scrolls of fear {unknown}
 r - 4 scrolls of amnesia
 u - a scroll of fog {unknown}
 x - a scroll of enchant armour {unknown}
 y - a scroll of noise {unknown}
Potions
 e - a potion of brilliance
 h - a potion of lignification {unknown}
 p - a potion of invisibility {unknown}
 t - 2 potions of mutation {unknown}
 w - a potion of agility {unknown}
Comestibles
 d - 7 rations
 s - 2 chunks of flesh


   Skills:
 - Level 2.2 Fighting
 - Level 3.6 Polearms
 - Level 1.8 Throwing
 - Level 1.1 Armour
 - Level 1.8 Dodging
 - Level 2.2 Spellcasting
 * Level 7.6 Charms
 - Level 0.5 Invocations


You had 7 spell levels left.
You knew the following spells:

 Your Spells              Type           Power        Failure   Level  Hunger
b - Spectral Weapon       Hex/Chrm       ##......     19%         3    ###....

Your spell library contained the following spells:

 Spells                   Type           Power        Failure   Level  Hunger
 Regeneration             Chrm/Necr      ##........   19%         3    ###....
 Shroud of Golubria       Chrm/Tloc      ##........   9%          2    ###....
 Infusion                 Chrm           ###.         1%          1    #......
 Song of Slaying          Chrm           ###.....     1%          2    ###....


Dungeon Overview and Level Annotations

Branches:
Dungeon (5/15)             Temple (0/1) D:4

Altars:
Cheibriados
Elyvilon
Makhleb
Qazlal
Wu Jian
Zin

Annotations:
D:5 exclusion: 4 doors


Innate Abilities, Weirdness & Mutations

You cannot be hasted, slowed, berserked, paralysed or teleported.
You can dig through walls and to a lower floor.
Your four strong arms can wield two-handed weapons with a shield.
You have a pair of large antennae on your head. (SInv)


Message History

The killer bee is severely wounded.
The killer bee stings you.
* * * LOW HITPOINT WARNING * * *
You are poisoned.
The killer bee poisons you! The killer bee barely misses you.
Attack whom?
Press: ? - help, Dir - move target cursor, f/p - killer bee
Aim: a killer bee (severely wounded)
You miss the killer bee.
The killer bee is severely wounded.
You feel sick. The killer bee closely misses you. The killer bee stings you.
* * * LOW HITPOINT WARNING * * *
Attack whom?
Press: ? - help, Dir - move target cursor, f/p - killer bee
Aim: a killer bee (severely wounded)
You miss the killer bee.
The killer bee is severely wounded.
* * * LOW HITPOINT WARNING * * *
You feel sick. The killer bee stings you!
You die...

## #.# #.# ##
#.## #.#
##.##########
#.###...........#
#.#...@#######.#
#....y.# #.#
######.#....##
#.# ......###..##
#.# ...y...#.#.#
#.# #†##.# #.#
####+# #.# { #.#
{ #.##


You could see a killer bee.

Vanquished Creatures
  An ogre (D:4)
  2 scorpions
  3 killer bees (D:5)
  A crimson imp (D:5)
  A hound (D:4)
  An orc wizard (D:5)
  An orc priest (D:5)
  Jessica (D:3)
  2 hound skeletons
  Robin (D:2)
  3 gnolls (D:3)
  3 adders
  2 oozes
  An adder skeleton (D:5)
  A worm (D:2)
  2 leopard geckos
  4 orcs
  6 bats
  6 giant cockroaches
  12 goblins
  16 hobgoblins
  4 quokkas
  2 ball pythons (D:3)
  4 frilled lizards
  6 kobolds
  A quokka skeleton (D:4)
  7 rats
94 creatures vanquished.

Vanquished Creatures (others)
  A quokka (D:2)
  A spectral weapon (D:5)
2 creatures vanquished.

Grand Total: 96 creatures vanquished

Notes
Turn   | Place    | Note
-------+----------+-------------------------------------------
     0 | D:1      | Htamos the Formicid Skald began the quest for the Orb.
     0 | D:1      | Reached XP level 1. HP: 16/16 MP: 3/3
   330 | D:1      | Reached XP level 2. HP: 17/22 MP: 5/5
   857 | D:2      | Found a white marble altar of Elyvilon.
  1093 | D:2      | Reached XP level 3. HP: 26/27 MP: 6/6
  1113 | D:2      | Found a snail-covered altar of Cheibriados.
  1113 | D:2      | Found a stormy altar of Qazlal.
  1150 | D:2      | Learned a level 3 spell: Spectral Weapon
  1464 | D:2      | Noticed Robin
  1891 | D:1      | Reached skill level 4 in Charms
  2282 | D:2      | Killed Robin
  2282 | D:2      | Reached XP level 4. HP: 26/33 MP: 0/7
  3077 | D:3      | Found an ornate altar of the Wu Jian Council.
  3414 | D:3      | Reached XP level 5. HP: 26/38 MP: 4/8
  3636 | D:3      | Reached skill level 1 in Throwing
  3813 | D:3      | Found a burning altar of Makhleb.
  3818 | D:3      | Became a worshipper of Makhleb the Destroyer
  3846 | D:3      | Reached skill level 5 in Charms
  4094 | D:3      | Noticed Jessica
  4100 | D:3      | Killed Jessica
  4100 | D:3      | Reached XP level 6. HP: 41/44 MP: 2/9
  4268 | D:3      | Reached * piety under Makhleb
  5366 | D:4      | Noticed an ogre
  5380 | D:4      | HP: 2/44 [ogre/giant club (21)]
  5885 | D:4      | Killed an ogre
  5885 | D:4      | Reached skill level 6 in Charms
  5885 | D:4      | Reached XP level 7. HP: 33/50 MP: 6/10
  6066 | D:4      | Found a staircase to the Ecumenical Temple.
  6147 | D:4      | Found a glowing silver altar of Zin.
  6165 | D:5      | Entered Level 5 of the Dungeon
  6413 | D:5      | Reached skill level 7 in Charms
  6480 | D:5      | Slain by a killer bee

Vault maps used:
D:1:      dpeg_arrival_houses_and_road
D:2:      gammafunk_temple_overflow_elements, first_ration, elyvilon_altar_4,
          uniq_robin
D:3:      bloody_makhleb, nicolae_overflow_crystal_walls, uniq_jessica
D:4:      zin_scriptorium, lemuel_temple_firewalk_b, mrwooster_statue_mirror,
          minmay_misc_feat_diagonals

Skill      XL: |  1  2  3  4  5  6  7 |
---------------+----------------------+-----
Charms         | 4 5 6 7 |  7.6
Polearms       | 3 |  3.6
Throwing       | 1 |  1.8
Fighting       | |  2.2
Armour         | |  1.1
Dodging        | |  1.8
Spellcasting   | |  2.2
Invocations    | |  0.5

Action                   |  1- 3 |  4- 6 |  7- 9 || total
-------------------------+-------+-------+-------++-------
Melee: Spear             |   153 |       |       ||   153
       Trident           |       |    65 |       ||    65
       Halberd           |       |   101 |    47 ||   148
Throw: Stone             |       |     6 |       ||     6
 Cast: Spectral Weapon   |     1 |     6 |     5 ||    12
  Use: Potion            |     4 |     2 |     2 ||     8
       Scroll            |     4 |     1 |       ||     5
 Stab: Sleeping          |     1 |       |       ||     1
  Eat: Chunk             |     5 |    10 |     2 ||    17
       Ration            |       |     1 |       ||     1
Armor: Leather armour    |    26 |    18 |    12 ||    56
Dodge: Dodged            |    68 |    82 |    30 ||   180

Table legend:
 A = Spawn XP
 B = Non-spawn XP
 C = Spawn XP percentage of total XP
 D = Spawn monster count
 E = Non-spawn monster count
 F = Spawn count percentage of total count
 G = Total turns spent on level
                    A         B        C        D         E        F      G
               +---------+---------+-------+---------+---------+-------+---------
         Total |       0 |     940 |   0.0 |       0 |      94 |   0.0 |  6480
               +---------+---------+-------+---------+---------+-------+---------
           D:1 |       0 |      29 |   0.0 |       0 |      18 |   0.0 |  1433
           D:2 |       0 |      76 |   0.0 |       0 |      26 |   0.0 |  1896
           D:3 |       0 |     207 |   0.0 |       0 |      28 |   0.0 |  1709
           D:4 |       0 |     264 |   0.0 |       0 |       9 |   0.0 |  1127
           D:5 |       0 |     364 |   0.0 |       0 |      13 |   0.0 |   315
               +---------+---------+-------+---------+---------+-------+---------
